 Dungeon Crawl Stone Soup version 0.25-a0-294-gea9b1ad378 (webtiles) character file.

Game seed: 616934955526492801, levelgen mode: deterministic

102 Mirvelgyr the Cudgeler (level 5, -10/42 HPs)
             Began as a Human Fighter on Dec 18, 2019.
             Killed by divine providence
             ... invoked by an orc priest
              (16 damage)
             ... on level 3 of the Dungeon.
             The game lasted 00:05:59 (2555 turns).

Mirvelgyr the Cudgeler (Human Fighter)              Turns: 2555, Time: 00:06:00

Health: -10/42     AC: 12    Str: 22    XL:     5   Next: 6%
Magic:  14/14      EV: 11    Int:  8    God:
Gold:   176        SH:  9    Dex: 13    Spells: 4/4 levels left

rFire    . . .     SeeInvis .   a - +0 flail
rCold    . . .     Gourm    .   c - +0 shield
rNeg     . . .     Faith    .   o - +0 chain mail
rPois    .         Spirit   .   j - +0 helmet
rElec    .         Reflect  .   (no cloak)
rCorr    .         Harm     .   h - +0 pair of gloves
MR       .....                  b - +0 pair of boots
Stlth    ..........             (no amulet)
HPRegen  0.14/turn              l - +6 ring of evasion
MPRegen  0.14/turn              m - ring of magical power

@: mighty
A: no striking features
a: no special abilities


You were on level 3 of the Dungeon.
You were hungry.

You visited 1 branch of the dungeon, and saw 3 of its levels.

You collected 176 gold pieces.

Inventory:

Hand Weapons
 a - a +0 flail (weapon)
Armour
 b - a +0 pair of boots (worn)
 c - a +0 shield (worn)
 h - a +0 pair of gloves (worn)
 j - a +0 helmet (worn)
 o - a +0 chain mail (worn)
Jewellery
 l - a +6 ring of evasion (left hand)
 m - a ring of magical power (right hand)
Scrolls
 g - a scroll of identify {unknown}
 i - a scroll of remove curse {unknown}
 n - a scroll of amnesia
 q - a scroll of fog {unknown}
Potions
 d - a potion of might
 e - 2 potions of heal wounds {unknown}
 k - a potion of flight {unknown}
Comestibles
 f - 8 rations


   Skills:
 + Level 3.8 Fighting
 * Level 4.1 Maces & Flails
 - Level 3.0 Armour
 - Level 3.0 Shields


You had 4 spell levels left.
You didn't know any spells.
Your spell library was empty.

Dungeon Overview and Level Annotations

Branches:
Dungeon (3/15)

Altars:


Message History

Your shield and chain mail prevent you from hitting the orc.
You block the orc's attack.
The orc priest mumbles some strange prayers to Beogh against you.
Beogh smites you! You block the orc's attack.
The orc priest calls down the wrath of Beogh upon you.
Beogh smites you!
* * * LOW HITPOINT WARNING * * *
There is an open door here.
Sorry, you're not good enough to have a special ability.
You feel very mighty all of a sudden. The orc hits you with a +0 whip.
* * * LOW HITPOINT WARNING * * *
You closely miss the orc. The orc closely misses you.
You closely miss the orc. The orc barely misses you.
The orc hits you but does no damage.
Your shield and chain mail prevent you from hitting the orc.
The orc priest mumbles some strange prayers to Beogh against you.
Beogh smites you!
You die...

##..o## #.# #.....# ##...(.##
###.# #.....# #.......## ##.#.#
#.....##
#.........####....#######......#
+.........o.o...................
#.........####......#######....#
##.......## ##.#.#..## ##....##
##.....## ###.....# #.....##
##...## #@oo....# #....≈≈≈ ##+##
#.##8..8###≈≈≈≈≈≈≈
#.##8..8≈≈≈≈≈≈≈≈≈≈
#.##≈^.≈≈≈≈≈≈≈≈≈≈≈
####≈≈≈≈..≈≈≈≈≈≈≈≈≈≈#
##≈≈≈≈≈≈≈..≈≈≈≈≈≈.#.##
≈≈≈≈≈≈≈≈≈..≈≈≈.##.....
≈≈≈≈≈≈≈≈≈..≈##.####.##
≈≈≈≈≈≈≈#8..8##.# #.#


You could see an orc priest and an orc.

Vanquished Creatures
  An orc wizard (D:3)
  An adder (D:2)
  An adder skeleton (D:2)
  A worm (D:2)
  4 orcs (D:3)
  A ball python (D:2)
  5 bats
  2 giant cockroaches (D:1)
  5 goblins
  5 hobgoblins
  8 jackals
  3 kobolds (D:2)
  2 quokkas (D:2)
  6 frilled lizards
  7 rats
52 creatures vanquished.

Notes
Turn   | Place    | Note
-------+----------+-------------------------------------------
     0 | D:1      | Mirvelgyr the Human Fighter began the quest for the Orb.
     0 | D:1      | Reached XP level 1. HP: 18/18 MP: 1/1
   237 | D:1      | Reached XP level 2. HP: 23/24 MP: 2/2
   758 | D:2      | Reached XP level 3. HP: 27/29 MP: 3/3
   766 | D:2      | Reached skill level 3 in Maces & Flails
  1057 | D:2      | Reached XP level 4. HP: 35/35 MP: 4/4
  1554 | D:3      | Found a faded altar of an unknown god.
  1958 | D:3      | Reached skill level 4 in Maces & Flails
  1958 | D:3      | Reached XP level 5. HP: 36/42 MP: 5/5
  2555 | D:3      | Killed from afar by an orc priest

Levels and vault maps discovered:
D:1:      lemuel_arrival_funnel, layout_loops_ring, hex_tiny, fountainhead,
          wander_ebering_terrifying_dragon_lair
D:2:      layout_basic, first_ration, grunt_decor_cap
D:3:      wander_river, layout_loops_corners, chequers_ecumenical_altar_simple

Skill      XL: |  1  2  3  4 |
---------------+-------------+-----
Maces & Flails | 3 4 |  4.1
Fighting       | |  3.8
Armour         | |  3.0
Shields        | |  3.0

Action                   |  1- 3 |  4- 6 || total
-------------------------+-------+-------++-------
Melee: Flail             |   119 |    75 ||   194
  Use: Scroll            |     1 |       ||     1
       Potion            |       |     1 ||     1
  Eat: Chunk             |     1 |     4 ||     5
Armor: Scale mail        |    64 |    14 ||    78
       Chain mail        |       |    12 ||    12
Dodge: Dodged            |    47 |    34 ||    81
Block: Shield            |    65 |    41 ||   106

Table legend:
 A = Non-vault XP
 B = Vault XP
 C = Vault XP percentage of total XP
 D = Non-vault monster count
 E = Vault monster count
 F = Vault count percentage of total count
                 A         B        C        D         E       F
            +---------+---------+-------+---------+---------+-------
      Total |     146 |       1 |   0.7 |      51 |       1 |   1.9
            +---------+---------+-------+---------+---------+-------
        D:1 |      25 |       1 |   3.8 |      16 |       1 |   5.9
        D:2 |      60 |       0 |   0.0 |      25 |       0 |   0.0
        D:3 |      61 |       0 |   0.0 |      10 |       0 |   0.0
            +---------+---------+-------+---------+---------+-------
